 Dungeon Crawl Stone Soup version 0.29.0-10-g45618ea6d2 (webtiles) character file.

Game seed: 16980498210957792731

256 Zeldest the Ruffian (level 5, 0/50 HPs)
             Began as a Troll Delver on Sept 1, 2022.
             Was an Initiate of Kikubaaqudgha.
             Slain by Pikel
             ... wielding a +2 whip of freezing
              (5 damage)
             ... on level 5 of the Dungeon.
             The game lasted 00:04:05 (888 turns).

Zeldest the Ruffian (Troll Delver)                   Turns: 888, Time: 00:04:06

Health: 0/50       AC:  4    Str: 20    XL:     5   Next: 92%
Magic:  4/4        EV: 10    Int:  8    God:    Kikubaaqudgha [......]
Gold:   44         SH: 10    Dex: 11    Spells: 4/4 levels left

rFire   . . .      SeeInvis .     - Unarmed
rCold   . . .      Faith    .   l - +0 tower shield
rNeg    . . .      Spirit   .   a - +0 robe
rPois   .          Reflect  .   (helmet restricted)
rElec   .          Harm     .   (no cloak)
rCorr   .          Rampage  .   (gloves unavailable)
Will    .....                   (boots unavailable)
Stlth   ++........              (no amulet)
HPRegen 0.96/turn               g - +4 ring of evasion
MPRegen 0.09/turn               (no ring)

@: no status effects
A: large, unfitting armour, claws 3, regeneration 1, shaggy fur 1, tough skin 1
a: Renounce Religion


You were on level 5 of the Dungeon.
You worshipped Kikubaaqudgha.
Kikubaaqudgha was noncommittal.
You visited 2 branches of the dungeon, and saw 3 of its levels.
You also visited: Sewer.

You collected 44 gold pieces.

Inventory:

Armour
 a - a +0 robe (worn)
 l - a +0 tower shield (worn)
Jewellery
 g - a +4 ring of evasion (left claw)
Wands
 f - a wand of digging (3)
Scrolls
 b - 3 scrolls of fog
 d - 2 scrolls of fear
 e - a scroll of immolation {unknown}
 j - a scroll of magic mapping
Potions
 h - a potion of flight {unknown}
 i - a potion of invisibility {unknown}
 k - a potion of lignification {unknown}


   Skills:
 - Level 2.4 Fighting
 - Level 1.5 Dodging
 - Level 2.7 Stealth
 + Level 0.7 Shields
 + Level 4.5 Unarmed Combat
 + Level 3.2 Necromancy


You had 4 spell levels left.
You didn't know any spells.
Your spell library was empty.

Dungeon Overview and Level Annotations

Branches:
Dungeon (6/15)             Temple (1/1) D:5           Sewer (visited)

Altars:
Dithmenos
Fedhas
Gozag
Hepliaklqana
Kikubaaqudgha
Makhleb
Nemelex Xobeh
Okawaru
Sif Muna
The Shining One

Annotations:
D:5 Pikel


Innate Abilities, Weirdness & Mutations

You are too large for most types of armour.
You have claws for hands.
Your natural rate of healing is unusually fast.
You are covered in fur. (AC +1)
You have tough skin. (AC +1)


Message History

Pikel barely misses you.
You closely miss Pikel.
Pikel is moderately wounded.
Pikel completely misses you.
You miss Pikel.
Pikel is moderately wounded.
Pikel zaps a wand.
The puff of flame hits you!
Pikel zaps a wand.
The puff of flame hits you!
You barely miss Pikel.
Pikel is moderately wounded.
Pikel hits you with a +2 whip of freezing.
Pikel freezes you.
You barely miss Pikel.
Pikel is moderately wounded.
You block Pikel's attack.
Okay, then.
You scratch Pikel but do no damage.
Pikel is moderately wounded.
Pikel barely misses you.
You claw Pikel!
Pikel is severely wounded.
Pikel hits you with a +2 whip of freezing.
Pikel freezes you.
Pikel hits you with a +2 whip of freezing.
Pikel freezes you.
You miss Pikel.
Pikel is severely wounded.
Pikel hits you with a +2 whip of freezing.
Pikel freezes you.
* * * LOW HITPOINT WARNING * * *
You closely miss Pikel.
Pikel is severely wounded.
Pikel zaps a wand.
The puff of flame hits you!
* * * LOW HITPOINT WARNING * * *
It was a potion of curing.
You feel better.
Pikel hits you with a +2 whip of freezing!
* * * LOW HITPOINT WARNING * * *
Pikel freezes you.
You die...
Kikubaaqudgha rasps: "You have failed me!
Welcome... death!"

#### #. ...# #.# .>.#
###.# ...# ...# # .#.#
#.## .### ...##.#
#...## #K..
.>.#..#####.##.## #..#
...#............###5..#
####..#####.####@#5#
.#.# ## #.# ##K##
.#.#### #.# #.# ......#
#.# #.# #####.# #.# #.#
# #.#####.# #.# #
#.......# #.# #
#.####### #.. #####.#
###


You could see Pikel.

Vanquished Creatures
  A bullfrog (D:6)
  A howler monkey (D:5)
  An orc wizard (D:6)
  7 adders
  5 river rats
  An ufetubus (D:6)
  A worm (D:6)
  3 ball pythons (Sewer)
  3 giant cockroaches (D:6)
  A quokka (D:6)
  3 rats (Sewer)
27 creatures vanquished.

Notes
Turn   | Place    | Note
-------+----------+-------------------------------------------
     0 | D:5      | Zeldest the Troll Delver began the quest for the Orb.
     0 | D:5      | Reached XP level 1. HP: 22/22 MP: 0/0
     0 | D:5      | Found a staircase to the Ecumenical Temple.
    10 | Temple   | Entered the Ecumenical Temple
   198 | Temple   | Became a worshipper of Kikubaaqudgha
   223 | D:6      | Noticed a jelly
   263 | D:6      | Noticed a bullfrog
   277 | D:6      | Killed a bullfrog
   278 | D:6      | Reached skill level 3 in Unarmed Combat
   278 | D:6      | Reached XP level 2. HP: 18/29 MP: 1/1
   278 | D:6      | Reached XP level 3. HP: 23/36 MP: 2/2
   278 | D:6      | Reached XP level 4. HP: 28/44 MP: 3/3
   362 | D:6      | Found a glowing drain.
   366 | Sewer    | Entered a sewer
   420 | Sewer    | Reached skill level 4 in Unarmed Combat
   420 | Sewer    | Reached XP level 5. HP: 49/50 MP: 4/4
   665 | D:6      | Noticed a wraith
   861 | D:5      | Noticed a lemure
   863 | D:5      | Noticed Pikel
   888 | D:5      | Slain by Pikel

Illustrated notes

Levels and vault maps discovered:
D:5:      layout_loops_ring, amcnicky_altar_gilded,
          mainiacjoe_overflow_cross_hatched, minmay_temple_entry_from_below_a,
          uniq_edmund, uniq_pikel
D:6:      minmay_cornered_nines, layout_basic, cheibriados_altar_1,
          gup_sewer_entry_spiral
Temple:   nicolae_temple_bog_church

Skill      XL: |  1  2  3  4  5 |
---------------+----------------+-----
Unarmed Combat | 3 4 |  4.5
Necromancy     | 2 3 |  3.2
Fighting       | |  2.4
Dodging        | |  1.5
Stealth        | |  2.7
Shields        | |  0.7

Action                   |  1- 3 |  4- 6 || total
-------------------------+-------+-------++-------
Melee: Unarmed           |    12 |   110 ||   122
       Punch             |     1 |       ||     1
  Use: Potion            |     1 |     1 ||     2
       Scroll            |     1 |       ||     1
 Stab: Sleeping          |       |     3 ||     3
Armor: Robe              |     1 |    15 ||    16
Dodge: Dodged            |    12 |    57 ||    69
Block: Tower shield      |       |    11 ||    11
